 Dungeon Crawl Stone Soup version 0.21.1-1-g345015fe64 (webtiles) character file.

59 Gargoyl the Skirmisher (level 3, -3/31 HPs)
             Began as a Centaur Abyssal Knight on Apr 27, 2018.
             Was a Follower of Lugonu.
             Killed from afar by a white imp (12 damage)
             ... with a puff of frost
             ... summoned by Natasha
             ... on level 3 of the Dungeon.
             The game lasted 00:03:20 (1985 turns).

Gargoyl the Skirmisher (Centaur Abyssal Knight)     Turns: 1985, Time: 00:03:21

Health: -3/31      AC:  5    Str: 14    XL:     3   Next: 78%
Magic:  5/5        EV:  7    Int: 11    God:    Lugonu [*.....]
Gold:   74         SH:  2    Dex:  9    Spells: 2/2 levels left

rFire    . . .     SeeInvis .   a - +2 hand axe
rCold    . . .     Gourm    .   f - +0 buckler
rNeg     + + .     Faith    .   n - +0 ring mail
rPois    .         Spirit   .   j - +0 hat {MR+}
rElec    .         Reflect  .   (no cloak)
rCorr    .         Harm     .   (no gloves)
MR       +....                  (no barding)
Stlth    ..........             (no amulet)
HPRegen  0.10/turn              d - ring of positive energy
MPRegen  0.09/turn              e - ring of positive energy

@: very quick
A: large, hooves 3, deformed body, speed 2, tough skin 3
a: Depart the Abyss, Renounce Religion


You were on level 3 of the Dungeon.
You worshipped Lugonu.
Lugonu was aware of your devotion.
You were not hungry.

You visited 1 branch of the dungeon, and saw 3 of its levels.
You visited the Abyss 1 time.

You collected 74 gold pieces.

Inventory:

Hand Weapons
 a - a +2 hand axe (weapon)
Armour
 f - a +0 buckler (worn)
 j - a +0 hat of magic resistance (worn)
 n - a +0 ring mail (worn)
Jewellery
 d - a ring of positive energy (left hand)
 e - a ring of positive energy (right hand)
 h - a cursed -2 ring of protection {unknown}
Scrolls
 l - 2 scrolls of identify
Potions
 b - a potion of haste {unknown}
 g - a potion of curing
 k - a potion of magic {unknown}
Comestibles
 c - 3 rations


   Skills:
 + Level 3.2 Fighting
 + Level 2.4 Axes
 * Level 2.0 Armour
 + Level 0.9 Dodging
 * Level 2.7 Invocations


You had 2 spell levels left.
You didn't know any spells.

Dungeon Overview and Level Annotations

Branches:
Dungeon (3/15)

Altars:
Vehumet
Wu Jian

Annotations:
D:2 Sigmund
D:3 Natasha


Innate Abilities, Weirdness & Mutations

You have hooves in place of feet.
Armour fits poorly on your strangely shaped body.
You cover ground very quickly.
You have extremely tough skin. (AC +3)


Message History

The puff of frost hits you!
Natasha casts a spell.
The white imp barely misses you.
You closely miss Natasha.
Natasha is moderately wounded.
You barely miss the white imp. You closely miss the white imp.
The white imp gestures at you. The puff of frost hits you! Natasha claws you.
The white imp barely misses you.
Unknown command.
You hit Natasha.
Natasha is moderately wounded.
You barely miss the white imp. You closely miss the white imp.
The white imp hits you. The white imp freezes you.
* * * LOW HITPOINT WARNING * * *
Natasha mumbles some strange words.
Natasha shimmers violently.
Natasha closely misses you. The white imp gestures at you.
The puff of frost hits you!
You die...

...........########
...........#
...........#
........####
....?.†.#
........########
...............#
........†5.....#
.........@h....#
..........55...#
...............#
########.......#
........#
..###....# .. ....#
..# #...#


You could see Natasha, a crimson imp and 2 white imps.

Vanquished Creatures
  2 adders
  2 dart slugs
  A leopard gecko (D:2)
  A giant cockroach (D:1)
  2 goblins
  6 hobgoblins
  7 kobolds (D:1)
  2 quokkas
  8 bats
  2 frilled lizards
  4 rats
37 creatures vanquished.

Notes
Turn   | Place    | Note
-------+----------+-------------------------------------------
     0 | Abyss:1  | Gargoyl the Centaur Abyssal Knight began the quest for the Orb.
     0 | Abyss:1  | Reached XP level 1. HP: 19/19 MP: 2/2
   113 | Abyss:1  | Noticed a raiju
   114 | D:1      | Escaped the Abyss
   556 | D:1      | Reached XP level 2. HP: 24/26 MP: 3/3
   597 | D:1      | Reached * piety under Lugonu
  1087 | D:2      | Reached XP level 3. HP: 26/31 MP: 4/4
  1395 | D:2      | Noticed Sigmund
  1396 | D:2      | Found a radiant altar of Vehumet.
  1909 | D:2      | Found an ornate altar of the Wu Jian Council.
  1976 | D:3      | Noticed Natasha
  1985 | D:3      | Killed from afar by a white imp

Skill      XL: |  1  2  3 |
---------------+----------+-----
Axes           | 2 |  2.4
Armour         | 2 |  2.0
Fighting       | |  3.2
Dodging        | |  0.9
Invocations    | |  2.7

Action                   || total
-------------------------++-------
Melee: Hand axe          ||    88
       Kick              ||     6
Invok: Depart the Abyss  ||     1
  Use: Scroll            ||     6
  Eat: Ration            ||     1
Armor: Leather armour    ||    16
       Ring mail         ||    41
Dodge: Dodged            ||    55
Block: Buckler           ||    10
